 Dungeon Crawl Stone Soup version 0.19.0-24-gb05acd6 (webtiles) character file.

2345 Keitachi the Thaumaturge (level 9, -4/45 HPs)
             Began as a Deep Elf Wizard on Nov 20, 2016.
             Shot with an arrow by a centaur (17 damage)
             ... on level 7 of the Dungeon.
             The game lasted 00:47:04 (8425 turns).

Keitachi the Thaumaturge (Deep Elf Wizard)          Turns: 8425, Time: 00:47:04

Health: -4/45      AC:  4    Str:  4    XL:     9   Next: 20%
Magic:  15/24      EV: 13    Int: 27    God:
Gold:   501        SH:  0    Dex: 13    Spells: 8 memorised, 10 levels left

rFire  . . .     SeeInvis .     w - +0 flail (protect)
rCold  + . .     Gourm    .     a - +0 robe
rNeg   . . .     Faith    .     (no shield)
rPois  .         Spirit   .     b - +1 hat
rElec  .         Reflect  .     (no cloak)
rCorr  .         Harm     .     y - +0 pair of gloves
MR     .....     Rnd*Rage +     (no boots)
Stlth  ++........               (no amulet)
                                m - ring of protection from cold
                                Q - +3 ring of slaying

@: repel missiles
A: berserk 1
a: no special abilities


You were on level 7 of the Dungeon.
You were not hungry.

You visited 2 branches of the dungeon, and saw 8 of its levels.
You also visited: Sewer.

You collected 501 gold pieces.

Inventory:

Hand Weapons
 t - a +0 spear
 w - a +0 flail of protection (weapon)
Missiles
 j - 2 throwing nets (quivered)
Armour
 a - a +0 robe (worn)
 b - a +1 hat (worn)
 y - a +0 pair of gloves (worn)
 D - the cursed +0 chain mail of the Stallion {rPois Str+5 Dex-4}
   (You found it in a sewer)

   It affects your strength (+5).
   It affects your dexterity (-4).
   It protects you from poison.
   It has a curse placed upon it.
Magical Staves
 H - an uncursed staff of energy
Jewellery
 i - an uncursed ring of ice
 m - a ring of protection from cold (right hand)
 F - an uncursed ring of resist corrosion
 Q - a +3 ring of slaying (left hand)
Wands
 P - a wand of iceblast (7/15)
 R - a wand of iceblast (3/15)
 V - a wand of disintegration (9/24)
Scrolls
 f - 4 scrolls of enchant armour
 p - a scroll of fear {unknown}
 r - a scroll of random uselessness {unknown}
 C - a scroll of identify
 J - a scroll of vulnerability {unknown}
 K - a scroll of recharging
 L - a scroll of fog
 M - a scroll of remove curse
 S - a scroll of magic mapping
 T - a scroll of teleportation {unknown}
Potions
 e - a potion of brilliance {unknown}
 l - a potion of might {unknown}
 n - 3 potions of lignification {unknown}
 o - a potion of agility {unknown}
 q - a potion of resistance
 s - 2 potions of mutation {unknown}
 u - a potion of ambrosia {unknown}
 v - 2 potions of flight {unknown}
 x - 2 potions of degeneration {unknown}
 z - a potion of haste {unknown}
 E - 2 potions of heal wounds {unknown}
 G - a potion of berserk rage {unknown}
 I - a potion of invisibility {unknown}
 U - a potion of curing {unknown}
Books
 c - a book of Minor Magic

   Spells                             Type                      Level
   a - Magic Dart                     Conjuration                  1
   b - Blink                          Translocation                2
   c - Call Imp                       Summoning                    2
   d - Repel Missiles                 Charms/Air                   2
   e - Slow                           Hexes                        2
   f - Conjure Flame                  Conjuration/Fire             3
   g - Mephitic Cloud                 Conjuration/Poison/Air       3
 B - a book of Geomancy

   Spells                             Type                      Level
   a - Sandblast                      Earth                        1
   b - Passwall                       Transmutation/Earth          2
   c - Stone Arrow                    Conjuration/Earth            3
   d - Petrify                        Transmutation/Earth          4
   e - Lee's Rapid Deconstruction     Earth                        5
Comestibles
 d - 4 bread rations
 g - 2 royal jellies
 h - 5 meat rations
 k - 8 fruits
 A - a slice of pizza
 N - 2 beef jerkies
 O - 9 chunks of flesh


   Skills:
 - Level 2.4 Dodging
 - Level 2.4 Stealth
 + Level 9.8 Spellcasting
 + Level 7.0 Conjurations
 - Level 1.1 Summonings
 - Level 1.1 Translocations
 + Level 6.3 Fire Magic
 + Level 5.8 Poison Magic


You had 10 spell levels left.
You knew the following spells:

 Your Spells              Type           Power        Failure   Level  Hunger
a - Magic Dart            Conj           ####         1%          1    None
b - Blink                 Tloc           N/A          4%          2    None
c - Call Imp              Summ           ###.....     4%          2    None
d - Repel Missiles        Chrm/Air       ##....       10%         2    None
e - Slow                  Hex            ##......     10%         2    None
f - Conjure Flame         Conj/Fire      #####...     1%          3    None
g - Mephitic Cloud        Conj/Pois/Air  #####...     2%          3    None
h - Passwall              Tmut/Erth      ##........   10%         2    None


Dungeon Overview and Level Annotations

Branches:
Dungeon (7/15)             Temple (1/1) D:4

Altars:
Ashenzari
Cheibriados
Dithmenos
Gozag
Hepliaklqana
Makhleb
Nemelex Xobeh
Okawaru
Qazlal
Ru
Trog
Vehumet
Xom
Yredelemnul
Zin
The Shining One


Innate Abilities, Weirdness & Mutations

You tend to lose your temper in combat.


Message History

The centaur shoots an arrow.
The arrow is repelled.
Casting: Magic Dart
Confirm with . or Enter, or press ? or * to list all spells.
Aiming: Magic Dart
Press: ? - help, Shift-Dir - straight line, f/p - centaur
Aim: a centaur, wielding a shortbow (heavily wounded)
The magic dart hits the centaur.
The centaur is heavily wounded.
The centaur shoots an arrow.
The arrow hits you!
* * * LOW HITPOINT WARNING * * *
Casting: Magic Dart
Confirm with . or Enter, or press ? or * to list all spells.
Aiming: Magic Dart
Press: ? - help, Shift-Dir - straight line, f/p - centaur
Aim: a centaur, wielding a shortbow (moderately wounded)
The magic dart hits the centaur.
The centaur is severely wounded.
The centaur shoots an arrow.
The arrow misses you.
The centaur shoots an arrow.
The arrow hits you!
You die...

#. #.# #c# # #.# # #.##.# #.
.... #...###c#########
..........(.@.....#
#####.#..#..#.#######.#######
......#.....#.####........)..
.............................
#...................#.#######
..........#.#.......#..########
#.)#....p.#.######..##)).......
..........#.######..##.###.....
#..#................†#)#_# ...


You could see a centaur.

Vanquished Creatures
  Pikel (D:7)
  A hippogriff (D:5)
  A black bear (D:7)
  Purgy (Sewer)
  A sky beast (D:5)
  A slave (D:7)
  3 ogres
  3 bullfrogs
  A scorpion (D:7)
  3 howler monkeys
  A crimson imp (D:7)
  An orc priest (D:6)
  2 jellies
  2 gnoll shamans
  4 hounds
  2 orc wizards
  Jessica (D:3)
  2 iguanas
  8 worker ants
  8 adders
  9 gnolls
  A river rat (D:5)
  A shadow imp (D:6)
  2 oozes
  2 adder skeletons
  An adder zombie (D:5)
  3 worms
  A dart slug (D:3)
  7 leopard geckos
  13 orcs
  6 giant cockroaches
  12 goblins
  4 hobgoblins
  9 jackals
  3 quokkas
  A ball python (D:4)
  11 bats
  2 frilled lizards
  6 kobolds
  A leopard gecko skeleton (D:6)
  7 rats
149 creatures vanquished.

Vanquished Creatures (collateral kills)
  A jackal (D:3)
1 creature vanquished.

Vanquished Creatures (others)
  A hippogriff (D:7)
  A slave (D:7)
  A howler monkey (D:7)
  An orc priest (D:7)
  An orc (D:7)
5 creatures vanquished.

Grand Total: 155 creatures vanquished

Notes
Turn   | Place    | Note
-------+----------+-------------------------------------------
     0 | D:1      | Keitachi the Deep Elf Wizard began the quest for the Orb.
     0 | D:1      | Reached XP level 1. HP: 10/10 MP: 7/7
   226 | D:1      | Reached XP level 2. HP: 15/15 MP: 3/9
   258 | D:1      | Reached skill level 5 in Spellcasting
  1151 | D:2      | Reached XP level 3. HP: 6/19 MP: 7/11
  2131 | D:2      | Learned a level 2 spell: Blink
  2134 | D:2      | Learned a level 2 spell: Call Imp
  2137 | D:2      | Learned a level 2 spell: Repel Missiles
  2140 | D:2      | Learned a level 2 spell: Slow
  2144 | D:2      | Learned a level 3 spell: Conjure Flame
  2315 | D:2      | Reached XP level 4. HP: 24/24 MP: 6/13
  2477 | D:3      | Noticed Jessica
  2483 | D:3      | Killed Jessica
  2483 | D:3      | Reached skill level 6 in Spellcasting
  2483 | D:3      | Reached skill level 1 in Fire Magic
  2600 | D:3      | Reached XP level 5. HP: 28/28 MP: 3/15
  2788 | D:3      | Learned a level 3 spell: Mephitic Cloud
  3541 | D:4      | Found a radiant altar of Vehumet.
  3584 | D:4      | Reached skill level 1 in Poison Magic
  3632 | D:4      | Reached XP level 6. HP: 32/32 MP: 7/17
  3650 | D:4      | Reached skill level 7 in Spellcasting
  3771 | D:4      | Found a sacrificial altar of Ru.
  3999 | D:4      | Found a staircase to the Ecumenical Temple.
  4039 | Temple   | Entered the Ecumenical Temple
  4658 | D:5      | Entered Level 5 of the Dungeon
  4825 | D:5      | Found a glowing drain.
  4877 | Sewer    | Entered a sewer
  4909 | Sewer    | Noticed Purgy
  4922 | Sewer    | Killed Purgy
  4922 | Sewer    | Reached XP level 7. HP: 36/36 MP: 2/20
  5037 | Sewer    | Got a jacinth-encrusted chain mail
  5052 | Sewer    | Identified the cursed +0 chain mail of the Stallion {rPois Str+5 Dex-4} (You found it in a sewer)
  5640 | D:5      | Noticed a hippogriff
  5660 | D:5      | Killed a hippogriff
  5660 | D:5      | Reached skill level 5 in Conjurations
  5987 | D:5      | Reached skill level 8 in Spellcasting
  5999 | D:5      | Gained mutation: You tend to lose your temper in combat. [mutagenic meat]
  6612 | D:6      | Reached XP level 8. HP: 41/41 MP: 16/22
  7335 | D:6      | Reached skill level 5 in Fire Magic
  7474 | D:7      | Reached skill level 9 in Spellcasting
  7635 | D:7      | Learned a level 2 spell: Passwall
  8048 | D:7      | Reached skill level 5 in Poison Magic
  8083 | D:7      | Noticed Pikel
  8163 | D:7      | Killed Pikel
  8163 | D:7      | Reached XP level 9. HP: 12/45 MP: 1/24
  8357 | D:7      | Found a stormy altar of Qazlal.
  8425 | D:7      | Shot with an arrow by a centaur

Skill      XL: |  1  2  3  4  5  6  7  8  9 |
---------------+----------------------------+-----
Spellcasting   | 5 6 7 8 9 |  9.8
Conjurations   | 2 3 4 5 6 7 |  7.0
Fire Magic     | 1 2 3 4 6 |  6.3
Poison Magic   | 1 2 3 5 |  5.8
Dodging        | |  2.4
Stealth        | |  2.4
Summonings     | |  1.1
Translocations | |  1.1

Action                   |  1- 3 |  4- 6 |  7- 9 || total
-------------------------+-------+-------+-------++-------
Melee: Unarmed           |    14 |       |       ||    14
       Dagger            |     8 |     3 |       ||    11
       Club              |     4 |       |       ||     4
       Flail             |       |    24 |    46 ||    70
 Cast: Magic Dart        |   104 |   155 |   190 ||   449
       Repel Missiles    |     1 |       |       ||     1
       Conjure Flame     |       |     7 |    12 ||    19
       Call Imp          |       |     1 |     1 ||     2
       Mephitic Cloud    |       |     4 |    14 ||    18
       Blink             |       |       |     4 ||     4
       Passwall          |       |       |     3 ||     3
  Use: Scroll            |       |     8 |     5 ||    13
 Stab: Sleeping          |       |     1 |       ||     1
       Confused          |       |       |     2 ||     2
  Eat: Chunk             |     3 |     8 |    10 ||    21
       Fruit             |     1 |       |     2 ||     3
Armor: Robe              |     8 |     8 |    24 ||    40
Dodge: Dodged            |    38 |    28 |    48 ||   114
       Deflected         |       |     2 |     1 ||     3
